 Dungeon Crawl Stone Soup version 0.20.1-1-g8b1a95d (console) character file.

772 hilaritas the Magician (level 7, -2/36 HPs)
             Began as a Deep Elf Ice Elementalist on Aug 25, 2017.
             Was an Initiate of Vehumet.
             Slain by a hornet (17 damage)
             ... on level 5 of the Dungeon.
             The game lasted 00:15:55 (6218 turns).

hilaritas the Magician (Deep Elf Ice Elementalist)  Turns: 6218, Time: 00:15:56

Health: -2/36      AC: 11    Str:  6    XL:     7   Next: 53%
Magic:  0/20       EV: 13    Int: 21    God:    Vehumet [......]
Gold:   207        SH:  0    Dex: 15    Spells: 7/21 levels left

rFire    . . .     SeeInvis .   d - +1 short sword (venom)
rCold    . . .     Gourm    .   (no shield)
rNeg     . . .     Faith    .   a - +0 robe
rPois    .         Spirit   .   f - +0 helmet
rElec    .         Reflect  .   (no cloak)
rCorr    .         Harm     .   (no gloves)
MR       +....                  w - +0 pair of boots
Stlth    ++........             (no amulet)
Regen    0.2/turn               g - +1 ring of protection
MPRegen  0.2/turn               (no ring)

@: lethally poisoned (-2 -> -8), icy armour, slowed, very slow
A: magic resistance 1, screaming 1
a: Renounce Religion


You were on level 5 of the Dungeon.
You worshipped Vehumet.
Vehumet was noncommittal.
You were very hungry.

You visited 2 branches of the dungeon, and saw 6 of its levels.

You collected 207 gold pieces.

Inventory:

Hand Weapons
 d - a +1 short sword of venom (weapon)
Missiles
 i - 104 stones (quivered)
Armour
 a - a +0 robe (worn)
 f - a +0 helmet (worn)
 w - a +0 pair of boots (worn)
Jewellery
 g - a +1 ring of protection (left hand)
 y - an uncursed ring of fire
 z - an uncursed ring of fire
Wands
 k - a wand of polymorph (8/24)
 n - a wand of flame (23/48)
 u - a wand of disintegration (7/24)
Scrolls
 e - 2 scrolls of magic mapping
 j - a scroll of amnesia
 p - a scroll of teleportation
 q - 5 scrolls of identify
 r - a scroll of remove curse
Potions
 m - a potion of brilliance
 s - a potion of mutation
 t - a potion of haste
 v - 4 potions of curing
Books
 b - a book of Frost

   Spells                             Type                      Level
   a - Freeze                         Ice                          1
   b - Throw Frost                    Conjuration/Ice              2
   c - Ozocubu's Armour               Charms/Ice                   3
   d - Throw Icicle                   Conjuration/Ice              4
   e - Summon Ice Beast               Ice/Summoning                4
Comestibles
 c - 5 bread rations
 h - 2 royal jellies
 l - 4 meat rations
 o - 3 fruits


   Skills:
 - Level 2.4 Dodging
 - Level 2.4 Stealth
 - Level 7.6 Spellcasting
 * Level 4.4 Conjurations
 + Level 6.4 Ice Magic


You had 7 spell levels left.
You knew the following spells:

 Your Spells              Type           Power        Failure   Level  Hunger
a - Freeze                Ice            ####         1%          1    None
b - Throw Frost           Conj/Ice       ####..       1%          2    None
c - Ozocubu's Armour      Chrm/Ice       ###.....     7%          3    None
d - Throw Icicle          Conj/Ice       ####....     9%          4    ###....
e - Summon Ice Beast      Ice/Summ       ###.....     22%         4    ###....


Dungeon Overview and Level Annotations

Branches:
Dungeon (5/15)             Temple (1/1) D:5

Altars:
Cheibriados
Elyvilon
Fedhas
Gozag
Hepliaklqana
Kikubaaqudgha
Nemelex Xobeh
Okawaru
Qazlal
Ru
Sif Muna
Vehumet
Xom
Zin


Innate Abilities, Weirdness & Mutations

You are resistant to hostile enchantments. (MR+)
You occasionally shout uncontrollably at your foes.


Message History

Press: ? - help, Shift-Dir - straight line, f/p - hornet
Aim: a hornet (heavily wounded)
The puff of frost hits the hornet.
The hornet is severely wounded.
The hornet stings you.
You are poisoned.
You feel as though you will be slow longer.
The hornet stings you!
You feel as though you will be slow longer.
Casting: Throw Frost
Confirm with . or Enter, or press ? or * to list all spells.
Aiming: Throw Frost
Press: ? - help, Shift-Dir - straight line, f/p - hornet
Aim: a hornet (severely wounded)
The puff of frost hits the hornet.
The hornet is almost dead.
You feel sick.
The hornet stings you but does no damage.
The hornet stings you!
You die...

#######.## ##.#............
.........#.##.#############
.######..#.##.#
#..........#.#
#.#<...o#..#.#
#.#..)..o..#.#
#.#.##.....#.#
#.#.#..)####.#
..#....oy@...#
#.####.#####.# ## ### ###


You could see a hornet and an orc.

Vanquished Creatures
  4 scorpions
  2 hounds
  A centaur skeleton (D:5)
  An orc priest (D:4)
  5 orc wizards
  A bullfrog skeleton (D:4)
  2 worker ants (D:4)
  A howler monkey skeleton (D:4)
  3 gnolls (D:2)
  5 adders
  An ooze (D:2)
  4 worms
  4 dart slugs
  2 leopard geckos
  18 orcs
  8 giant cockroaches
  8 goblins
  7 hobgoblins
  3 jackals (D:2)
  3 quokkas
  3 ball pythons
  8 bats
  7 frilled lizards
  14 kobolds
  4 rats
119 creatures vanquished.

Notes
Turn   | Place    | Note
-------+----------+-------------------------------------------
     0 | D:1      | hilaritas the Deep Elf Ice Elementalist began the quest for the Orb.
     0 | D:1      | Reached XP level 1. HP: 10/10 MP: 6/6
    43 | D:1      | Reached XP level 2. HP: 10/15 MP: 0/8
   160 | D:1      | Learned a level 2 spell: Throw Frost
   800 | D:1      | Reached XP level 3. HP: 14/19 MP: 7/9
  1180 | D:2      | Learned a level 3 spell: Ozocubu's Armour
  1422 | D:2      | Found a glowing silver altar of Zin.
  1636 | D:2      | Reached skill level 5 in Ice Magic
  1741 | D:2      | Reached XP level 4. HP: 24/24 MP: 7/11
  2003 | D:2      | Found a blossoming altar of Fedhas.
  2174 | D:2      | Reached skill level 4 in Spellcasting
  2258 | D:2      | Learned a level 4 spell: Throw Icicle
  2699 | D:3      | Reached XP level 5. HP: 28/28 MP: 11/14
  2760 | D:3      | Reached skill level 5 in Spellcasting
  3928 | D:4      | Reached skill level 6 in Spellcasting
  4217 | D:4      | Reached skill level 7 in Spellcasting
  4217 | D:4      | Reached XP level 6. HP: 13/32 MP: 9/18
  4230 | D:4      | HP: 1/32 [howler monkey skeleton (6)]
  4233 | D:4      | Gained mutation: You occasionally shout uncontrollably at your foes. [potion of mutation]
  4233 | D:4      | Gained mutation: You are resistant to hostile enchantments. (MR+) [potion of mutation]
  4260 | D:4      | Learned a level 4 spell: Summon Ice Beast
  4804 | D:4      | Reached XP level 7. HP: 21/36 MP: 8/20
  5153 | D:5      | Entered Level 5 of the Dungeon
  5183 | D:5      | Found a staircase to the Ecumenical Temple.
  5198 | Temple   | Entered the Ecumenical Temple
  5307 | Temple   | Became a worshipper of Vehumet
  5583 | D:5      | Found a snail-covered altar of Cheibriados.
  5589 | D:5      | Found an iron altar of Okawaru.
  5740 | D:5      | Found an opulent altar of Gozag.
  6211 | D:5      | Noticed a hornet
  6218 | D:5      | Slain by a hornet

Skill      XL: |  1  2  3  4  5  6  7 |
---------------+----------------------+-----
Ice Magic      | 4 5 6 |  6.4
Conjurations   | 2 3 4 |  4.4
Spellcasting   | 4 7 |  7.6
Dodging        | |  2.4
Stealth        | |  2.4

Action                   |  1- 3 |  4- 6 |  7- 9 || total
-------------------------+-------+-------+-------++-------
Melee: Short sword       |    22 |    53 |     6 ||    81
 Cast: Freeze            |    58 |    89 |    12 ||   159
       Throw Frost       |     1 |    30 |    25 ||    56
       Ozocubu's Armour  |       |     8 |     1 ||     9
       Throw Icicle      |       |       |     3 ||     3
  Use: Scroll            |       |     5 |     2 ||     7
       Potion            |       |     5 |       ||     5
 Stab: Sleeping          |     1 |     1 |       ||     2
  Eat: Chunk             |     2 |    10 |     3 ||    15
       Fruit             |       |       |     1 ||     1
Armor: Robe              |    11 |    30 |     4 ||    45
Dodge: Dodged            |    56 |   102 |    12 ||   170
